 Dungeon Crawl Stone Soup version 0.23.2-1-ga50397a (webtiles) character file.

Game seed: 16117943803563148719

53 suicidejoker the Skirmisher (level 3, 0/30 HPs)
             Began as a Demonspawn Monk on May 7, 2019.
             Slain by a kobold (2 damage)
             ... on level 2 of the Dungeon.
             The game lasted 00:02:11 (695 turns).

suicidejoker the Skirmisher (Demonspawn Monk)        Turns: 695, Time: 00:02:12

Health: 0/30       AC:  2    Str: 10 (12) XL:     3   Next: 64%
Magic:  3/3        EV: 13    Int:  8 (11) God:
Gold:   75         SH:  0    Dex: 12 (15) Spells: 2/2 levels left

rFire    + . .     SeeInvis .   (no weapon)
rCold    x . .     Gourm    .   (no shield)
rNeg     . . .     Faith    .   b - +0 robe
rPois    .         Spirit   .   (no helmet)
rElec    .         Reflect  .   (no cloak)
rCorr    .         Harm     .   (no gloves)
MR       .....                  (no boots)
Stlth    +++.......             (no amulet)
HPRegen  0.10/turn              d - ring of stealth
MPRegen  0.08/turn              j - ring of fire

@: no status effects
A: hooves 1
a: no special abilities


You were on level 2 of the Dungeon.
You were not hungry.

You visited 1 branch of the dungeon, and saw 2 of its levels.

You collected 75 gold pieces.

Inventory:

Hand Weapons
 l - a +1 dagger of electrocution
Armour
 b - a +0 robe (worn)
Jewellery
 d - a ring of stealth (left hand)
 j - a ring of fire (right hand)
Scrolls
 e - a scroll of magic mapping {unknown}
 f - a scroll of teleportation {unknown}
 g - a scroll of remove curse {unknown}
 h - 2 scrolls of identify {unknown}
Potions
 i - 2 potions of lignification
Comestibles
 c - 3 rations


   Skills:
 * Level 4.0 Fighting
   Level 2.6 Long Blades
 + Level 1.2 Armour
 - Level 2.6 Dodging
 + Level 2.4 Stealth


You had 2 spell levels left.
You didn't know any spells.
Your spell library was empty.

Dungeon Overview and Level Annotations

Branches:
Dungeon (2/15)

Altars:

Annotations:
D:2 Natasha


Innate Abilities, Weirdness & Mutations

You have large cloven feet.


Message History

Natasha closely misses you.
You barely miss Natasha. You kick Natasha.
Natasha is moderately wounded.
The kobold hits you.
* * * LOW HITPOINT WARNING * * *
The crimson imp hits you but does no damage.
Natasha closely misses you.
You barely miss Natasha.
Natasha is moderately wounded.
The kobold misses you. The crimson imp hits you.
* * * LOW HITPOINT WARNING * * *
Natasha mumbles some strange words.
You closely miss Natasha.
Natasha is moderately wounded.
The kobold misses you. The crimson imp closely misses you.
Natasha completely misses you.
You hit Natasha but do no damage. Your kick misses Natasha.
Natasha is moderately wounded.
The kobold hits you.
You die...

.... #. .......
.....#.#.......
.....#........
............. .
.....#.#...###.##
......5.........
###.#.K5h....#....
.......@..........
###.#.....#.......
........(#......
##..............
#...###....###
#...###....######
#................
#.###...####..#....
#.......####†.#....


You could see Natasha, a crimson imp, a shadow imp and a kobold.

Vanquished Creatures
  Natasha (D:2)
  A worm (D:2)
  3 dart slugs (D:1)
  3 bats (D:1)
  2 giant cockroaches (D:1)
  A hobgoblin (D:1)
  2 kobolds (D:1)
  A frilled lizard (D:1)
  8 rats
22 creatures vanquished.

Notes
Turn   | Place    | Note
-------+----------+-------------------------------------------
     0 | D:1      | suicidejoker the Demonspawn Monk began the quest for the
                  | Orb.
     0 | D:1      | Reached XP level 1. HP: 18/18 MP: 1/1
   123 | D:1      | Gained mutation: You have large cloven feet. [demonic
                  | ancestry]
   123 | D:1      | Reached XP level 2. HP: 23/24 MP: 2/2
   635 | D:2      | Noticed Natasha
   639 | D:2      | Noticed a crimson imp
   639 | D:2      | Reached skill level 1 in Armour
   639 | D:2      | Reached XP level 3. HP: 17/30 MP: 3/3
   649 | D:2      | Killed Natasha
   649 | D:2      | Reached skill level 4 in Fighting
   672 | D:2      | Noticed Natasha
   693 | D:2      | HP: 1/30 [crimson imp[Natasha] (1)]
   695 | D:2      | Slain by a kobold

Skill      XL: |  1  2  3 |
---------------+----------+-----
Stealth        | 2 |  2.4
Armour         | 1 |  1.2
Fighting       | 4 |  4.0
Long Blades    | |  2.6
Dodging        | |  2.6

Action                   || total
-------------------------++-------
Melee: Falchion          ||    47
       Kick              ||     7
       Dagger            ||     4
       Unarmed           ||    12
  Use: Potion            ||     2
 Stab: Sleeping          ||     6
Armor: Robe              ||    13
       Skin              ||     6
Dodge: Dodged            ||    42
       Rpst.: Falchion   ||    15
